 Dungeon Crawl Stone Soup version 0.16.1-12-gf5c4a84 (webtiles) character file.

74356 Chiseanne the Nimble (level 15, -10/142 HPs)
             Began as a Deep Dwarf Monk on Apr 10, 2015.
             Was an Initiate of Gozag.
             Mangled by a sun demon (23 damage)
             ... summoned by an orc sorcerer
             ... on level 4 of the Orcish Mines.
             The game lasted 02:01:13 (25908 turns).

Chiseanne the Nimble (Deep Dwarf Monk)             Turns: 25908, Time: 02:01:13

Health: -10/142    AC:  2    Str: 19    XL:     15   Next: 6%
Magic:  4/4        EV: 15    Int: 15    God:    Gozag
Gold:   6691       SH: 15    Dex: 18    Spells: 1 memorised, 11 levels left

rFire  + . .     SeeInvis .     B - +2 falchion (vamp)
rCold  + . .     Clarity  +     s - +2 chain mail {rF+}
rNeg   + . .     SustAb   .     M - +2 shield {reflect}
rPois  .         Gourm    .     d - +1 helmet {Int+3}
rElec  .         Spirit   .     H - +1 cloak
rCorr  .         Warding  .     r - +1 pair of gloves
rMut   .         Stasis   .     G - +2 pair of boots
MR     ++...                    E - amulet of clarity
Stlth  ..........               h - +2 ring of strength
                                l - ring of protection from cold

@: corroded equipment, very slightly contaminated, non-regenerating, drained,
very resistant to hostile enchantments, extremely unstealthy
A: damage resistance, recharge devices, negative energy resistance 1, sense
surroundings 2, slow healing 3
a: Device Recharging, Potion Petition, Call Merchant, Bribe Branch, Renounce
Religion


You were on level 4 of the Orcish Mines.
You worshipped Gozag.
Gozag was noncommittal.
You were not hungry.

You visited 4 branches of the dungeon, and saw 24 of its levels.
You also visited: Labyrinth, Ossuary and Volcano.

You collected 8470 gold pieces.
You spent 125 gold pieces at shops.
You paid 1640 gold pieces to Gozag.

Inventory:

Hand weapons
 m - a +0 broad axe
 w - a +0 blowgun
 B - a +2 vampiric falchion (weapon)
 Y - a +0 executioner's axe
Missiles
 e - 39 tomahawks (quivered)
 k - 2 javelins
 n - 4 tomahawks of returning
 p - 4 tomahawks of dispersal
 z - 35 poisoned needles
 P - 8 poisoned tomahawks
 Q - 3 needles of confusion
Armour
 d - a +1 helmet of intelligence (worn)
 r - a +1 pair of gloves (worn)
 s - a +2 chain mail of fire resistance (worn)
 G - a +2 pair of boots (worn)
 H - a +1 cloak (worn)
 M - a +2 shield of reflection (worn)
 Z - a +3 chain mail of cold resistance
Rods
 a - a +3 rod of clouds (10/10)
   (You found it in a labyrinth)
 O - a +3 lightning rod (11/11)
   (You found it in a labyrinth)
 T - a +3 rod of clouds (13/13)
   (You found it in a labyrinth)
Jewellery
 h - a +2 ring of strength (right hand)
 l - a ring of protection from cold (left hand)
 y - an uncursed amulet of warding
 E - an amulet of clarity (around neck)
Magical devices
 b - a wand of heal wounds (2)
 f - a wand of confusion (10)
 A - a wand of digging (4)
 C - a wand of random effects (23)
 U - a wand of cold (6)
Scrolls
 i - 4 scrolls of fog
 v - 9 scrolls of teleportation
 x - 5 scrolls of immolation
 F - 4 scrolls of remove curse
 I - a scroll of fear
 R - 2 scrolls of magic mapping
 W - 3 scrolls of identify
Potions
 j - 2 potions of cancellation
 o - 8 potions of curing
 q - 2 potions of restore abilities
 t - a potion of berserk rage
 u - a potion of ambrosia
 K - a potion of resistance
 V - 2 potions of heal wounds
Books
 J - a book of Burglary

   Spells                             Type                      Level
   a - Swiftness                      Charms/Air                   2
   b - Passwall                       Transmutation/Earth          3
   c - Passage of Golubria            Translocation                4
   d - Lee's Rapid Deconstruction     Earth                        5
   e - Invisibility                   Hexes                        6
   f - Darkness                       Hexes                        7
Comestibles
 c - 4 bread rations
 D - 10 meat rations


   Skills:
 - Level 11.2(11.0) Fighting
   Level 11.6 Short Blades
 + Level 4.8(9.3) Long Blades
 - Level 5.9(6.7) Axes
 - Level 5.0(5.9) Maces & Flails
 - Level 1.2(1.0) Throwing
 - Level 6.3(6.1) Armour
 - Level 13.7(13.4) Dodging
 - Level 2.4(2.2) Stealth
 - Level 13.6(13.3) Shields
 - Level 3.6(3.3) Unarmed Combat
 - Level 2.4(2.2) Evocations


You had 11 spell levels left.
You knew the following spells:

 Your Spells              Type           Power        Failure   Level  Hunger
a - Flight                Chrm/Air       #.........   100%        3    ####...


Dungeon Overview and Level Annotations

Branches:
Dungeon (11/15)            Temple (1/1) D:5            Lair (8/8) D:10
 Shoals (0/5) Lair:6        Snake (0/5) Lair:3        Slime (0/6) Lair:7
    Orc (4/4) D:10            Elf (0/3) Orc:4

Altars:
Ashenzari
Cheibriados
Dithmenos
Elyvilon
Fedhas
Gozag
Kikubaaqudgha
Makhleb
Nemelex Xobeh
Okawaru
Qazlal
Ru
Sif Muna
Trog
Vehumet
Xom
Yredelemnul
Zin
The Shining One
Jiyva

Shops:
D:4 *

Annotations:
D:5 exclusion: statue


Innate Abilities, Weirdness & Mutations

You are resistant to damage.
You can recharge devices by infusing magical energy.
You resist negative energy.
You passively map the area around you.
You do not heal naturally.


Message History

The orc wizard blinks!
The orc wizard casts a spell.
The orc wizard blinks!
Found 13 gold pieces.
The orc sorcerer casts a spell.
Found 16 gold pieces.
A sheep comes into view.
The sheep bellows!
A sheep comes into view.
A sheep comes into view.
The sheep bellows!
Found 16 gold pieces.
A cyclops comes into view.
The orc sorcerer laughs, and in its laughter burns the force of the arcane.
The sheep misses you. The sun demon misses you.
There is an escape hatch in the ceiling here.
You block the sheep's attack. The sheep bites you. The sun demon hits you!!
You die...
Your body crumbles into a pile of gold.

,,,,****,,,,**
*,,,***,,,,,$*
,,,,,,,,,,,.,*
,,,,,,,,,,..#* *##
*,,******..#.#####$##
*,,*,,,∩*.....#.#...#
*,,*,,,,*....#.....###
*,,*,,,,#....C....##.##
*,,*,,,,#.....YY@.....#
,,,**+**#...#..3Y$....#
....,,,...............#
(..#*+**#.....o..#....#
(..#,,,,#.....#......##
#(.#,,,,#....#.......#
#.o#,,,∩#.........$..#
#..######......##....#
................#$#.##


You could see a sun demon, a cyclops, an orc sorcerer and 3 sheep.

Vanquished Creatures
  Rupert (Lair:5)
  An orc warlord (Orc:4)
  Gastronok (D:10)
  A minotaur (Lab)
  Josephine (Orc:4)
  Fannar (Lair:8)
  Harold (Lair:6)
  6 hydras
  A naga warrior (Lair:3)
  Erica (Lair:7)
  4 death yaks (Lair:6)
  A hell knight (Volcano)
  2 orc knights
  A lindwurm (Lair:8)
  6 griffons
  2 hill giants (D:10)
  2 wolf spiders (Lair:7)
  A manticore (Volcano)
  5 elephants (Lair:3)
  A toenail golem (Volcano)
  15 black mambas
  2 sirens (Lair:6)
  2 torpor snails (Lair:8)
  4 fire drakes
  27 spiny frogs
  9 komodo dragons
  4 trolls
  2 minotaur zombies (Lab)
  A wandering mushroom (Lab)
  2 polar bears
  2 merfolk (Lair:6)
  Prince Ribbit (D:4)
  6 basilisks
  13 blink frogs
  A two-headed ogre (Orc:4)
  A spriggan (D:10)
  6 wraiths
  2 wyverns (Lair:8)
  9 vampire mosquitoes (Lair:8)
  59 yaks
  5 hippogriffs
  7 wargs
  14 wolves
  4 nagas (Lair:3)
  2 hungry ghosts
  A hell hound (Volcano)
  2 sky beasts
  7 porcupines
  14 water moccasins
  A phantom (D:6)
  6 spiders (D:10)
  8 ogres
  3 ice beasts
  18 crocodiles
  20 orc warriors
  An eye of draining (D:9)
  A centaur (D:9)
  A big kobold (D:9)
  33 giant frogs
  An earth elemental (Lab)
  2 scorpions
  3 killer bees (D:8)
  3 wights (D:7)
  A water moccasin skeleton (D:7)
  3 jellies
  A goliath beetle (D:7)
  8 electric eels
  19 orc priests
  7 hounds
  2 crimson imps
  8 iguanas
  30 orc wizards
  16 sheep
  5 worker ants
  Ijyb (D:2)
  A hound skeleton (D:6)
  3 mummies
  Robin (D:4)
  27 adders
  6 gnolls (D:8)
  59 river rats
  6 giant mites
  7 worms
  2 adder skeletons
  4 giant geckos
  3 oozes
  170 orcs
  4 ball pythons
  3 bat skeletons
  2 bat zombies
  7 giant cockroaches
  37 goblins
  19 hobgoblins
  6 jackals
  9 quokkas
  10 bats
  3 giant newts
  2 giant spores
  3 gnoll skeletons (Ossuary)
  20 kobolds
  9 kobold skeletons (Ossuary)
  13 orc skeletons (Ossuary)
  A quokka skeleton (D:6)
  16 rats
  5 fungi (Lair:8)
  6 plants (D:10)
930 creatures vanquished.

Vanquished Creatures (others)
  An electric eel (Lair:4)
  An orc wizard (D:8)
  A sheep (Lair:8)
  2 river rats
  2 orcs (Orc:4)
  A goblin (Orc:1)
  25 fungi
  28 plants
61 creatures vanquished.

Grand Total: 991 creatures vanquished

Notes
Turn   | Place    | Note
--------------------------------------------------------------
     0 | D:1      | Chiseanne, the Deep Dwarf Monk, began the quest for the Orb.
     0 | D:1      | Reached XP level 1. HP: 20/20 MP: 1/1
   129 | D:1      | Reached XP level 2. HP: 14/28 MP: 2/2
   847 | D:1      | Reached XP level 3. HP: 21/34 MP: 3/3
  1132 | D:2      | Noticed a water elemental
  1133 | D:2      | Found a stormy altar of Qazlal.
  1219 | D:2      | Noticed an air elemental
  1219 | D:2      | Noticed a fire elemental
  1219 | D:2      | Noticed an earth elemental
  1279 | D:2      | Found a deep blue altar of Sif Muna.
  1329 | D:2      | Reached skill level 4 in Dodging
  1402 | D:2      | Noticed Ijyb
  1418 | D:2      | Killed Ijyb
  1418 | D:2      | Reached skill level 1 in Armour
  1440 | D:2      | Reached XP level 4. HP: 40/43 MP: 4/4
  1834 | D:3      | Found a sparkling altar of Nemelex Xobeh.
  2229 | D:3      | Learned a level 3 spell: Flight
  2296 | D:3      | Reached XP level 5. HP: 43/50 MP: 5/5
  2336 | D:3      | Reached skill level 5 in Dodging
  2446 | D:4      | Found a snail-covered altar of Cheibriados.
  2612 | D:4      | Noticed an ogre
  2643 | D:4      | Killed an ogre
  2643 | D:4      | Reached XP level 6. HP: 11/58 MP: 6/6
  2736 | D:4      | Found a bloodstained altar of Trog.
  2736 | D:4      | Noticed a moth of wrath
  2783 | D:4      | Noticed Robin
  2789 | D:4      | Killed Robin
  2900 | D:4      | Noticed Prince Ribbit
  2915 | D:4      | Killed Prince Ribbit
  2915 | D:4      | Reached skill level 5 in Fighting
  2915 | D:4      | Reached skill level 6 in Dodging
  2915 | D:4      | Reached XP level 7. HP: 36/67 MP: 5/5
  2986 | D:4      | Found a sacrificial altar of Ru.
  3070 | D:4      | Found an iron altar of Okawaru.
  3251 | D:4      | Found Nueggien's General Store.
  3260 | D:4      | Bought a scroll of fog for 20 gold pieces
  3260 | D:4      | Bought a scroll of teleportation for 30 gold pieces
  3260 | D:4      | Bought 3 fruits for 45 gold pieces
  3260 | D:4      | Bought a slice of pizza for 15 gold pieces
  3260 | D:4      | Bought a beef jerky for 15 gold pieces
  3559 | D:5      | Entered Level 5 of the Dungeon
  3639 | D:5      | Found a staircase to the Ecumenical Temple.
  3645 | Temple   | Entered the Ecumenical Temple
  3702 | Temple   | Became a worshipper of Gozag Ym Sagoz the Greedy
  3964 | D:5      | Reached skill level 7 in Dodging
  4100 | D:5      | Found a radiant altar of Vehumet.
  4248 | D:5      | Found a burning altar of Makhleb.
  4356 | D:6      | Reached XP level 8. HP: 31/75 MP: 6/6
  4392 | D:6      | Reached skill level 5 in Armour
  4434 | D:6      | Reached skill level 1 in Maces & Flails
  4550 | D:6      | Reached skill level 8 in Dodging
  4600 | D:6      | Found an ancient bone altar of Kikubaaqudgha.
  4754 | D:6      | Found a sand-covered staircase.
  4762 | Ossuary  | Entered an ossuary
  4987 | Ossuary  | Gained mutation: You possess an exceptional clarity of mind. [potion of beneficial mutation]
  5642 | D:7      | Gained mutation: You passively map the area around you. [level up]
  5642 | D:7      | Reached XP level 9. HP: 62/85 MP: 6/6
  5724 | D:7      | Reached skill level 9 in Dodging
  6770 | D:8      | Reached skill level 10 in Dodging
  6827 | D:8      | Found a shimmering altar of Xom.
  6901 | D:8      | Got a scorched dagger
  7142 | D:8      | Reached skill level 5 in Maces & Flails
  7223 | D:8      | Found a glowing golden altar of the Shining One.
  7468 | D:9      | Reached skill level 1 in Axes
  8071 | D:10     | Entered Level 10 of the Dungeon
  8081 | D:10     | Noticed Gastronok
  8112 | D:10     | Killed Gastronok
  8112 | D:10     | Reached skill level 11 in Dodging
  8112 | D:10     | Reached XP level 10. HP: 74/98 MP: 5/5
  8437 | D:10     | Noticed a hill giant
  8451 | D:10     | Killed a hill giant
  8458 | D:10     | Reached skill level 12 in Dodging
  8499 | D:10     | Noticed a hill giant
  8516 | D:10     | Killed a hill giant
  8557 | D:10     | Reached skill level 5 in Axes
  8557 | D:10     | Reached XP level 11. HP: 43/106 MP: 3/3
  8578 | D:10     | Found a staircase to the Lair.
  8724 | D:10     | Found a staircase to the Orcish Mines.
  8779 | D:11     | Noticed a hill giant
  8899 | Lair:1   | Entered Level 1 of the Lair of Beasts
  9507 | Lair:1   | Identified a scroll of acquirement
  9510 | Lair:1   | Got a spiked helmet
  9521 | Lair:1   | Identified the -1 helmet of Vigegiocw {-Tele Regen+ Dex+2} (You acquired it on level 1 of the Lair of Beasts)
 10055 | Lair:1   | Lost mutation: You possess an exceptional clarity of mind. [potion of cure mutation]
 10176 | Lair:2   | Identified Tropus' Collected Works on Feathers
 10437 | Lair:2   | Reached skill level 10 in Fighting
 10437 | Lair:2   | Reached skill level 1 in Evocations
 10525 | Lair:2   | Reached skill level 13 in Dodging
 10528 | Lair:2   | Reached skill level 1 in Throwing
 10668 | Lair:2   | Identified the +8 dagger "Crecraum" {vamp, Str+3 Int+5 Stlth-} (You found it on level 8 of the Dungeon)
 11143 | Lair:3   | Reached skill level 1 in Short Blades
 11545 | Lair:3   | Reached XP level 12. HP: 95/117 MP: 5/5
 11569 | Lair:3   | Reached skill level 5 in Short Blades
 11957 | Lair:3   | Noticed a naga warrior
 12064 | Lair:3   | Killed a naga warrior
 12081 | Lair:3   | Found a staircase to the Snake Pit.
 12401 | Lair:4   | Found a staircase to the Snake Pit.
 12424 | Lair:4   | Reached skill level 1 in Shields
 12529 | Lair:4   | Noticed a four-headed hydra
 12543 | Lair:4   | Killed a four-headed hydra
 12999 | Lair:4   | Noticed an eight-headed hydra
 13017 | Lair:4   | Killed an eight-headed hydra
 13041 | Lair:4   | Noticed a seven-headed hydra
 13055 | Lair:4   | Killed a seven-headed hydra
 13404 | Lair:5   | Noticed Rupert
 13449 | Lair:5   | Reached skill level 5 in Shields
 13510 | Lair:5   | Killed Rupert
 13609 | Lair:5   | Noticed a four-headed hydra
 13630 | Lair:5   | Reached XP level 13. HP: 124/124 MP: 4/4
 13639 | Lair:5   | Killed a four-headed hydra
 14865 | Lair:6   | Noticed Harold
 14899 | Lair:6   | Killed Harold
 15116 | Lair:6   | Reached skill level 10 in Short Blades
 15542 | Lair:6   | Found a staircase to the Shoals.
 15899 | Lair:6   | Reached skill level 10 in Shields
 16501 | Lair:7   | Found a viscous altar of Jiyva.
 16501 | Lair:7   | Found a staircase to the Slime Pits.
 16659 | Lair:7   | Noticed Erica
 16681 | Lair:7   | Killed Erica
 17013 | Lair:7   | Gained mutation: You resist negative energy. [level up]
 17013 | Lair:7   | Reached XP level 14. HP: 133/133 MP: 4/4
 17423 | Lair:8   | Entered Level 8 of the Lair of Beasts
 17423 | Lair:8   | Noticed Fannar
 17991 | Lair:8   | Found a dark tunnel.
 17995 | Volcano  | Entered a volcano
 20083 | Lair:8   | Killed Fannar
 20748 | Lair:8   | Got a bound golden ring
 21261 | Lair:7   | Identified the ring of Neurosis {rN+ Int+4} (You found it on level 8 of the Lair of Beasts)
 21632 | Orc:1    | Entered Level 1 of the Orcish Mines
 21637 | Orc:1    | Found a glowing silver altar of Zin.
 24599 | Orc:4    | Entered Level 4 of the Orcish Mines
 24696 | Orc:4    | Found a staircase to the Elven Halls.
 24698 | Orc:4    | Found a labyrinth entrance.
 24708 | Lab      | Entered a labyrinth
 24858 | Lab      | Reached skill level 1 in Long Blades
 25014 | Orc:4    | Noticed an orc warlord
 25078 | Orc:4    | Killed an orc warlord
 25188 | Orc:4    | Reached XP level 15. HP: 94/142 MP: 4/4
 25379 | Orc:4    | Noticed Josephine
 25415 | Orc:4    | Killed Josephine
 25908 | Orc:4    | Mangled by a sun demon

Action                   |  1- 3 |  4- 6 |  7- 9 | 10-12 | 13-15 || total
-------------------------+-------+-------+-------+-------+-------++-------
Melee: Unarmed           |   173 |   250 |    53 |       |       ||   476
       Morningstar       |       |       |   477 |   155 |       ||   632
       Hand axe          |       |       |   142 |   179 |       ||   321
       Dagger            |       |       |       |   834 |  3202 ||  4036
       Falchion          |       |       |       |       |   512 ||   512
 Fire: Blowgun           |       |       |       |    13 |       ||    13
Throw: Tomahawk          |    58 |     4 |     6 |     3 |     9 ||    80
Invok: Potion Petition   |       |       |     1 |     3 |       ||     4
 Abil: Device Recharging |       |     2 |     3 |     9 |     2 ||    16
Evoke: Wand              |     2 |     7 |    21 |    48 |    27 ||   105
       Deck              |       |       |       |     2 |       ||     2
  Use: Scroll            |       |     6 |    23 |     9 |    15 ||    53
       Potion            |       |     2 |     6 |    14 |     8 ||    30
 Stab: Sleeping          |       |     1 |       |     3 |       ||     4
       Distracted        |       |       |       |     5 |    14 ||    19
  Eat: Chunk             |     2 |     5 |     1 |       |       ||     8
       Fruit             |       |       |     6 |     3 |       ||     9
       Pizza             |       |       |     2 |     1 |       ||     3
       Beef jerky        |       |       |     4 |     2 |     1 ||     7
       Bread ration      |       |       |     3 |     5 |    11 ||    19
